 Dungeon Crawl Stone Soup version 0.26.0-10-g1f06aea511 (webtiles) character file.

Game seed: 11880816698672552869

1162 raph the Chiller (level 8, 0/63 HPs)
             Began as a Red Draconian Ice Elementalist on Jan 17, 2021.
             Was an Initiate of Kikubaaqudgha.
             Slain by an ufetubus (3 damage)
             ... on level 5 of the Dungeon.
             The game lasted 00:24:48 (6331 turns).

raph the Chiller (Red Draconian Ice Elementalist)   Turns: 6331, Time: 00:24:49

Health: 0/63       AC:  6    Str: 11    XL:     8   Next: 17%
Magic:  1/11       EV: 13    Int: 17    God:    Kikubaaqudgha [......]
Gold:   62         SH:  0    Dex: 12    Spells: 3/12 levels left

rFire    + . .     SeeInvis .   a - +0 morningstar
rCold    . . .     Faith    .   (no shield)
rNeg     . . .     Spirit   .   (armour unavailable)
rPois    .         Reflect  .   (helmet restricted)
rElec    .         Harm     .   (no cloak)
rCorr    .         Rampage  .   (no gloves)
Will     .....                  (no boots)
Stlth    ++........             (no amulet)
HPRegen  0.20/turn              (no ring)
MPRegen  0.12/turn              (no ring)

@: no status effects
A: breathe fire, unfitting armour, fire resistance 1, cold-blooded, AC +6
a: Breathe Fire, Renounce Religion


You were on level 5 of the Dungeon.
You worshipped Kikubaaqudgha.
Kikubaaqudgha was noncommittal.
You visited 2 branches of the dungeon, and saw 6 of its levels.

You collected 314 gold pieces.
You spent 252 gold pieces at shops.

Inventory:

Hand Weapons
 a - a +0 morningstar (weapon)
 b - a +0 whip
 l - a +0 long sword
Missiles
 c - 146 stones
 k - a throwing net
 n - 16 poisoned darts
Wands
 i - a wand of random effects (20)
 p - a wand of paralysis (15)
 q - a wand of enslavement (8)
Scrolls
 h - 4 scrolls of remove curse
 o - 6 scrolls of teleportation
 s - a scroll of random uselessness
 u - a scroll of enchant armour
 v - 2 scrolls of magic mapping
Potions
 d - 5 potions of curing
 e - 3 potions of haste
 f - 3 potions of magic
 g - 4 potions of brilliance {unknown}
 j - a potion of invisibility {unknown}
 m - 3 potions of lignification {unknown}
 r - 2 potions of heal wounds
 t - 2 potions of degeneration {unknown}


   Skills:
 + Level 3.2 Fighting
 * Level 3.0 Maces & Flails
 + Level 3.4 Dodging
 + Level 3.6 Stealth
 - Level 2.6 Spellcasting
 * Level 3.0 Summonings
 - Level 6.0 Ice Magic


You had 3 spell levels left.
You knew the following spells:

 Your Spells              Type           Power        Failure   Level
a - Freeze                Ice            88%          1%          1
b - Frozen Ramparts       Ice            44%          4%          3
c - Ozocubu's Armour      Ice            22%          4%          3
d - Call Imp              Summ           12%          8%          2

Your spell library contained the following spells:

 Spells                   Type           Power        Failure   Level
 Summon Small Mammal      Summ           48%          4%          1
 Call Canine Familiar     Summ           12%          16%         3
 Summon Guardian Golem    Hex/Summ       7%           28%         3
 Summon Ice Beast         Ice/Summ       17%          28%         4
 Hailstorm                Conj/Ice       12%          47%         4
 Summon Lightning Spire   Summ/Air       7%           67%         4


Dungeon Overview and Level Annotations

Branches:
Dungeon (5/15)             Temple (1/1) D:5

Altars:
Ashenzari
Cheibriados
Dithmenos
Elyvilon
Gozag
Hepliaklqana
Kikubaaqudgha
Makhleb
Nemelex Xobeh
Okawaru
Qazlal
Ru
Sif Muna
Trog
Uskayaw
Vehumet
Wu Jian
Xom
Yredelemnul
Zin
The Shining One

Shops:
D:4 ([!   D:5 [

Annotations:
D:3 Sigmund


Innate Abilities, Weirdness & Mutations

You can breathe blasts of fire.
Your fiery red scales are hard. (AC +6)
You cannot fit into any form of body armour.
Your flesh is heat resistant. (rF+)
You are cold-blooded and may be slowed by cold attacks.


Message History

Your Summonings skill increases to level 3!
Your icy armour will break if you move.
Continue?
You swap places.
Your icy armour cracks and falls away as you move.
The yak barely misses your white imp.
The bullfrog skeleton barely misses your white imp.
Your white imp hits the yak but does no damage.
Things that are here:
a yak corpse; a yak corpse; an iguana corpse The bullfrog skeleton hits your white imp.
The yak gores your white imp!
Your white imp dies!
Unknown command.
The ufetubus misses you. The ufetubus barely misses you. x3
Casting: Call Imp (safe; 8% risk of failure)
Confirm with . or Enter, or press ? or * to list all spells.
A beastly little devil appears in a puff of frigid air.
The ufetubus hits you.
You die...
Kikubaaqudgha rasps: "You have failed me!
Welcome... death!"

*,,**,*,*,**,***,**.........#....
*,,,,,*,..Y.,,....,..#.....#.....
*,,**,#,#/#.##.#.#*........#.....
*,,**,..#Z.......##.......†##....
*,,**,*....?.#.#.....#.....#.....
*,,,,,*5#.$....#.##.*#...........
*,,**,,,,,...#...##.##...........
*,,**,#.##.#.#.#.##.##.......#...
*,,,,,.........#@5.....###..#####
*,,**,###.##.#.#5##.##.......#
*,,,,,,.........Z##.#.(...#.##
*,,****.###.##.#†##....##....##
*,,****,**#.##.#Y##..####.....#
*,,,,,,,,.....5......# ##..###
*,,,,,,,,######......# ####
********** ########


You could see a yak, an ufetubus, a bullfrog skeleton and a friendly white imp
(summoned).

Vanquished Creatures
  A yak (D:5)
  Duvessa (D:4)
  An ice beast (D:5)
  A centaur (D:5)
  Dowan (D:4)
  A scorpion (D:4)
  A hound (D:4)
  2 orc priests (D:4)
  An orc wizard (D:4)
  An iguana (D:5)
  Natasha (thrice) (D:2)
  2 worker ants (D:5)
  2 hound zombies (D:5)
  Robin (D:2)
  7 adders
  A white imp (D:4)
  An ufetubus (D:5)
  An ooze (D:3)
  2 worms (D:2)
  2 dart slugs (D:1)
  2 leopard geckos
  8 orcs
  3 giant cockroaches
  10 goblins
  15 hobgoblins
  13 jackals
  A quokka (D:2)
  A ball python (D:4)
  4 bats
  7 frilled lizards
  7 kobolds
  A quokka skeleton (D:5)
  7 rats
112 creatures vanquished.

Vanquished Creatures (collateral kills)
  A yak (D:5)
1 creature vanquished.

Grand Total: 113 creatures vanquished

Notes
Turn   | Place    | Note
-------+----------+-------------------------------------------
     0 | D:1      | raph the Draconian Ice Elementalist began the quest for the
                  | Orb.
     0 | D:1      | Reached XP level 1. HP: 14/14 MP: 3/3
   364 | D:1      | Reached XP level 2. HP: 20/20 MP: 1/5
  1216 | D:1      | Reached XP level 3. HP: 26/26 MP: 3/6
  1220 | D:1      | Learned a level 3 spell: Frozen Ramparts
  1378 | D:2      | Noticed Natasha
  1382 | D:2      | Killed Natasha
  1845 | D:1      | Learned a level 3 spell: Ozocubu's Armour
  1848 | D:2      | Reached skill level 5 in Ice Magic
  1879 | D:2      | Reached XP level 4. HP: 33/33 MP: 4/7
  1978 | D:2      | Noticed Natasha
  1989 | D:2      | Killed Natasha
  2200 | D:2      | Noticed Natasha
  2206 | D:2      | Killed Natasha
  2428 | D:2      | Reached XP level 5. HP: 38/38 MP: 5/8
  2467 | D:2      | Noticed Robin
  2471 | D:2      | Killed Robin
  2472 | D:2      | Reached skill level 6 in Ice Magic
  3819 | D:3      | Noticed Sigmund
  3848 | D:3      | Noticed a black bear
  4263 | D:4      | Reached XP level 6. HP: 41/46 MP: 4/9
  4264 | D:4      | Reached skill level 1 in Fighting
  4355 | D:4      | Noticed Dowan
  4371 | D:4      | Found Camip's Distillery.
  4379 | D:4      | Bought a potion of heal wounds for 70 gold pieces
  4379 | D:4      | Bought a potion of curing for 42 gold pieces
  4412 | D:4      | Noticed Duvessa
  4429 | D:4      | Killed Duvessa
  4430 | D:4      | Reached skill level 7 in Ice Magic
  4432 | D:4      | Killed Dowan
  4433 | D:4      | Your scales start taking on a fiery red colour.
  4433 | D:4      | Reduced skill Ice Magic to level 6
  4433 | D:4      | Reached XP level 7. HP: 49/55 MP: 0/10
  4433 | D:4      | Gained mutation: Your flesh is heat resistant. (rF+) [Red
                  | Draconian growth]
  4547 | D:4      | Learned a level 2 spell: Call Imp
  4782 | D:4      | Found Afes Dao's Weapon Shoppe.
  4924 | D:4      | Bought a potion of haste for 140 gold pieces
  4969 | D:4      | Found Meyfiotorph's Armour Shop.
  5152 | D:5      | Entered Level 5 of the Dungeon
  5254 | D:5      | Reached skill level 1 in Summonings
  5375 | D:5      | Found Ogrur's Antique Armour Shop.
  5410 | D:5      | Reached skill level 1 in Maces & Flails
  5877 | D:5      | Found a staircase to the Ecumenical Temple.
  5946 | D:5      | Noticed a yak
  6001 | Temple   | Entered the Ecumenical Temple
  6141 | Temple   | Became a worshipper of Kikubaaqudgha
  6305 | D:5      | Noticed a yak
  6305 | D:5      | Noticed a yak
  6320 | D:5      | Killed a yak
  6321 | D:5      | Reached XP level 8. HP: 35/63 MP: 3/11
  6326 | D:5      | HP: 2/63 [yak (9)]
  6331 | D:5      | Slain by an ufetubus

Illustrated notes

Levels and vault maps discovered:
D:1:      dpeg_arrival_prison, layout_rooms, palyth_stone_intersect
D:2:      layout_rooms, minivault_4, chequers_serial_rivers_marsh,
          grunt_ministairs_11, uniq_natasha, uniq_robin
D:3:      layout_basic, chequers_serial_rivers_small_3, uniq_sigmund
D:4:      layout_loops_ring, serial_shops, shop, shop, nicolae_shop_statue_plus,
          uniq_duvessa
D:5:      layout_cave_pools, minmay_temple_entry_crystal_x, serial_shops, shop,
          minmay_diced_spiral
Temple:   kilobyte_greek_temple

Skill      XL: |  1  2  3  4  5  6  7  8 |
---------------+-------------------------+-----
Stealth        | 2 3 |  3.6
Ice Magic      | 5 6 6 |  6.0
Dodging        | 2 3 |  3.4
Fighting       | 2 3 |  3.2
Summonings     | 2 3 |  3.0
Maces & Flails | 2 3 |  3.0
Spellcasting   | |  2.6

Action                   |  1- 3 |  4- 6 |  7- 9 || total
-------------------------+-------+-------+-------++-------
Melee: Unarmed           |     7 |       |       ||     7
       Whip              |     7 |     1 |       ||     8
       Long sword        |       |    33 |       ||    33
       Tailslap          |       |     4 |     7 ||    11
       Morningstar       |       |       |    37 ||    37
Throw: Dart              |       |       |     1 ||     1
 Cast: Freeze            |    47 |    48 |    24 ||   119
       Frozen Ramparts   |       |    15 |     2 ||    17
       Ozocubu's Armour  |       |     2 |     2 ||     4
       Call Imp          |       |       |     2 ||     2
 Abil: Breathe Fire      |       |       |     3 ||     3
  Use: Scroll            |     3 |     1 |     8 ||    12
       Potion            |       |       |     1 ||     1
 Stab: Sleeping          |       |     2 |     1 ||     3
Armor: Skin              |    17 |    13 |    32 ||    62
Dodge: Dodged            |    48 |    34 |    62 ||   144
       Rpst.: Long sword |       |    10 |       ||    10
